 Dungeon Crawl Stone Soup version 0.23.2 (webtiles) character file.

Game seed: 7973653297925690932

60 Moltybleed the Firebug (level 3, 0/19 HPs)
             Began as a Deep Elf Fire Elementalist on Apr 2, 2019.
             Succumbed to an adder's poison
             ... on level 2 of the Dungeon.
             The game lasted 00:04:57 (2291 turns).

Moltybleed the Firebug (Deep Elf Fire Elementalist) Turns: 2291, Time: 00:04:57

Health: 0/19       AC:  2    Str:  5    XL:     3   Next: 80%
Magic:  2/10       EV: 13    Int: 20    God:
Gold:   60         SH:  0    Dex: 15    Spells: 6/9 levels left

rFire    . . .     SeeInvis .   j - +0 hunting sling
rCold    . . .     Gourm    .   (no shield)
rNeg     . . .     Faith    .   a - +0 robe
rPois    .         Spirit   .   (no helmet)
rElec    .         Reflect  .   (no cloak)
rCorr    .         Harm     .   (no gloves)
MR       .....                  (no boots)
Stlth    ++........             (no amulet)
HPRegen  0.06/turn              (no ring)
MPRegen  0.12/turn              (no ring)

@: lethally poisoned (0 -> -6)
A: no striking features
a: no special abilities


You were on level 2 of the Dungeon.
You were very hungry.

You visited 1 branch of the dungeon, and saw 2 of its levels.

You collected 60 gold pieces.

Inventory:

Hand Weapons
 d - a +0 dagger
 j - a +0 hunting sling (weapon)
Missiles
 l - 12 stones (quivered)
Armour
 a - a +0 robe (worn)
Jewellery
 i - an uncursed amulet of faith {unknown}
Scrolls
 b - a scroll of remove curse {unknown}
 e - a scroll of immolation {unknown}
 f - a scroll of fear {unknown}
 g - 2 scrolls of identify {unknown}
 h - 2 scrolls of teleportation {unknown}
 n - a scroll of fog {unknown}
Potions
 k - a potion of agility {unknown}
 m - a potion of might {unknown}
Comestibles
 c - 2 rations


   Skills:
 + Level 0.2 Slings
 - Level 2.4 Dodging
 * Level 3.1 Stealth
 + Level 3.7 Spellcasting
 * Level 2.1 Conjurations
 + Level 4.1 Fire Magic


You had 6 spell levels left.
You knew the following spells:

 Your Spells              Type           Power        Failure   Level  Hunger
a - Flame Tongue          Conj/Fire      ###..        3%          1    None
b - Throw Flame           Conj/Fire      ###...       5%          2    ##.....

Your spell library contained the following spells:

 Spells                   Type           Power        Failure   Level  Hunger
 Conjure Flame            Conj/Fire      ###.....     11%         3    ###....
 Inner Flame              Hex/Fire       ##......     17%         3    ###....
 Sticky Flame             Conj/Fire      ###.....     36%         4    ####...
 Fireball                 Conj/Fire      ###.......   71%         5    ######.


Dungeon Overview and Level Annotations

Branches:
Dungeon (2/15)

Altars:
Okawaru


Message History

* * * LOW HITPOINT WARNING * * *
You feel sick. The adder bites you.
* * * LOW HITPOINT WARNING * * *
The kobold misses you.
Casting: Throw Flame (safe; 5% risk of failure)
Confirm with . or Enter, or press ? or * to list all spells.
Aiming: Throw Flame (safe; 5% risk of failure)
Press: ? - help, Shift-Dir - straight line, f/p - adder
Aim: an adder (moderately wounded)
The puff of flame misses the adder.
The adder barely misses you. The kobold hits you.
* * * LOW HITPOINT WARNING * * *
Casting: Throw Flame (safe; 5% risk of failure)
Confirm with . or Enter, or press ? or * to list all spells.
Aiming: Throw Flame (safe; 5% risk of failure)
Press: ? - help, Shift-Dir - straight line, f/p - adder
Aim: an adder (moderately wounded)
The puff of flame hits the adder.
The adder is almost dead.
You die...

#.# #.# #.# #.#
#.# #.#
#.######## #..
#....†...#######
#.S#####........
#..# #########
#########..#
.>..g.K@S.(#
.#########.#
#.######
#.##...##
#.#.....#
#.......#
###.....#
##...## ##.##


You could see an adder, a goblin and a kobold.

Vanquished Creatures
  2 adders (D:2)
  A dart slug (D:2)
  A giant cockroach (D:2)
  6 goblins
  5 hobgoblins
  6 jackals (D:1)
  2 bats
  3 frilled lizards (D:1)
  3 kobolds
  10 rats
39 creatures vanquished.

Notes
Turn   | Place    | Note
-------+----------+-------------------------------------------
     0 | D:1      | Moltybleed the Deep Elf Fire Elementalist began the quest
                  | for the Orb.
     0 | D:1      | Reached XP level 1. HP: 10/10 MP: 6/6
   137 | D:1      | Reached XP level 2. HP: 15/15 MP: 2/8
   514 | D:1      | Learned a level 2 spell: Throw Flame
   537 | D:1      | Found an iron altar of Okawaru.
  1395 | D:1      | Reached XP level 3. HP: 10/19 MP: 4/9
  2132 | D:2      | Reached skill level 4 in Fire Magic
  2291 | D:2      | Succumbed to an adder's poison

Skill      XL: |  1  2  3 |
---------------+----------+-----
Stealth        | 3 |  3.1
Conjurations   | 2 |  2.1
Fire Magic     | 4 |  4.1
Slings         | |  0.2
Dodging        | |  2.4
Spellcasting   | |  3.7

Action                   || total
-------------------------++-------
Melee: Dagger            ||     3
 Fire: Hunting sling     ||    24
 Cast: Flame Tongue      ||    24
       Throw Flame       ||    35
  Eat: Chunk             ||     4
Armor: Robe              ||     7
Dodge: Dodged            ||    32
